 Dungeon Sprint DCSS version 0.21.2 (webtiles) character file.

6900000 Fang the Intangible (level 27, -76/249 HPs)
             Began as a Demonspawn Gladiator on Oct 2, 2018.
             Was the Champion of Makhleb.
             Annihilated by The Servant
             ... wielding a +9 glaive of flaming
              (139 damage)
             ... in the Dungeon (Sprint VIII: "Arena of Blood").
             The game lasted 00:01:52 (69 turns).

Fang the Intangible (Demonspawn Gladiator)            Turns: 69, Time: 00:01:53

Health: -76/249    AC: 10    Str: 25    XL:     27
Magic:  28/54      EV: 32    Int: 11    God:    Makhleb [******]
Gold:   0          SH:  0    Dex: 16    Spells: 80/80 levels left

rFire    . . .     SeeInvis .   l - +∞ Axe of Woe
rCold    + . .     Gourm    .   (shield currently unavailable)
rNeg     . . .     Faith    .   b - +0 leather armour
rPois    .         Spirit   .   (helmet unavailable)
rElec    .         Reflect  .   (no cloak)
rCorr    .         Harm     .   (no gloves)
MR       ++...     NoTele   +   (no boots)
Stlth    +++++++++.             (no amulet)
HPRegen  0.51/turn              (no ring)
MPRegen  0.34/turn              (no ring)

@: no status effects
A: horns 3, icy blue scales 3, demonic guardian 3, foul stench 2, augmentation
3, rot immunity
a: Minor Destruction, Lesser Servant of Makhleb, Major Destruction, Greater
Servant of Makhleb, Renounce Religion


You were in the Dungeon.
You worshipped Makhleb.
Makhleb was exalted by your worship.
You were not hungry.

You visited 1 branch

Inventory:

Hand Weapons
 l - the +∞ Axe of Woe (weapon)
   (You found it in the Dungeon)
Missiles
 d - 3 throwing nets (quivered)
Armour
 b - a +0 leather armour (worn)
 c - a +0 helmet
Jewellery
 a - a +30 ring of slaying
Scrolls
 k - a scroll of blinking
Potions
 e - a potion of curing
 g - a potion of heal wounds
 h - a potion of haste
 i - 2 potions of magic
 j - a potion of berserk rage
Comestibles
 f - a ration


   Skills:
 O Level 27 Fighting
 O Level 27 Axes
 O Level 27 Throwing
 O Level 27 Armour
 O Level 27 Dodging
 O Level 27 Stealth
 O Level 27 Unarmed Combat
 O Level 27 Spellcasting
 O Level 27 Invocations


You had 80 spell levels left.
You didn't know any spells.

Dungeon Overview and Level Annotations

Branches:
Dungeon (1/1)

Altars:
Makhleb

Annotations:
D The Servant


Innate Abilities, Weirdness & Mutations

You have a pair of large horns on your head.
You are completely covered in icy blue scales. (AC +4, rC+)
A powerful demonic guardian rushes to your aid.
You frequently emit foul miasma when damaged in melee.
Your magical and physical power is greatly enhanced at high health.
You are immune to rotting.


Message History

You hear a shout! x3 3 orcs, an ogre and a skeletal warrior come into view.
You are too injured to fight recklessly!
Unknown command.
You are too injured to fight recklessly!
Unknown command.
You are too injured to fight recklessly!
You are too injured to fight recklessly!
Unknown command. 2 orcs, an ogre, a wraith and a skeletal warrior come into view.
You hear a shout! x5
The tyrant waves its bony arms in wide circles.
The air twists around and strikes you!
* * * LOW HITPOINT WARNING * * *
The destroyer blinks!
The bag of meat is engulfed in blazing flames.
The Servant is engulfed in blazing flames.
The Servant hits you from afar with a +9 glaive of flaming!!!!
Ouch! That really hurt!
You die...

..... .. W#. o..o.
#.... .# oo..#o.z.
#..OO ..#
o#....o.###...o ..###.
.o.o.........###......
.....#.V....))_.......
...#..oo...#)..).#
#.%....O.§.#_)<)_# .
#%.)@)))#..)..#...
.....#§§))L).._......
.....@§o2))).###..o...
....o§§§###..X....###.
......%§. #...X...#
....%..§§ #.......#
.#....o..§.........
#.#.#oO.o§.........
.#.#..LO...........


You could see a tentacled monstrosity, a tyrant, The Servant, a destroyer, a
sculptor of flesh (wandering), a large abomination (wandering), a dread, 4 meat
berserkers, 17 bags of meat and a friendly lorocyproca (invisible).

Vanquished Creatures
  A wraith (D)
  12 vampire knights (D)
  22 ogres (D)
  4 two-headed ogres (D)
  5 liches (D)
  40 orcs (D)
  2 skeletal warriors (D)
  3 small abominations (D)
  5 large abominations (D)
  9 crawling corpses (D)
103 creatures vanquished.

Notes
Turn   | Place    | Note
-------+----------+-------------------------------------------
     0 | D        | Found the +∞ Axe of Woe
     0 | D        | Fang the Demonspawn Gladiator began the quest for the Orb.
     0 | D        | Reached XP level 1. HP: 16/16 MP: 1/1
     3 | D        | Noticed a bag of meat
     3 | D        | Noticed a bag of meat
     4 | D        | Noticed a bag of meat
     5 | D        | Became a worshipper of Makhleb the Destroyer
     7 | D        | Noticed a bag of meat
     7 | D        | Noticed a bag of meat
     8 | D        | Noticed a meat berserker
     8 | D        | Killed a bag of meat
     8 | D        | Reached skill level 10 in Fighting
     8 | D        | Gained mutation: You are partially covered in icy blue scales. (AC +2) [demonic ancestry]
     8 | D        | Reached XP level 2. HP: 36/36 MP: 2/2
     8 | D        | Gained mutation: You are mostly covered in icy blue scales. (AC +3) [demonic ancestry]
     8 | D        | Reached XP level 3. HP: 42/42 MP: 3/3
     8 | D        | Gained mutation: You are immune to rotting. [demonic ancestry]
     8 | D        | Reached XP level 4. HP: 49/49 MP: 4/4
     8 | D        | Reached XP level 5. HP: 54/54 MP: 5/5
     8 | D        | Reached XP level 6. HP: 61/61 MP: 6/6
     8 | D        | Gained mutation: A weak demonic guardian rushes to your aid. [demonic ancestry]
     8 | D        | Reached XP level 7. HP: 67/67 MP: 7/7
     8 | D        | Reached XP level 8. HP: 74/74 MP: 8/8
     8 | D        | Gained mutation: A demonic guardian rushes to your aid. [demonic ancestry]
     8 | D        | Reached XP level 9. HP: 79/79 MP: 9/9
     8 | D        | Reached XP level 10. HP: 86/86 MP: 10/10
     8 | D        | Gained mutation: You may emit foul miasma when damaged in melee. [demonic ancestry]
     8 | D        | Reached XP level 11. HP: 92/92 MP: 11/11
     9 | D        | Noticed a bag of meat
     9 | D        | Noticed a meat berserker
     9 | D        | Noticed a meat berserker
    10 | D        | Killed a meat berserker
    10 | D        | Reached * piety under Makhleb
    10 | D        | Gained mutation: You frequently emit foul miasma when damaged in melee. [demonic ancestry]
    10 | D        | Reached XP level 12. HP: 69/105 MP: 12/12
    10 | D        | Reached XP level 13. HP: 73/111 MP: 13/13
    11 | D        | Killed a bag of meat
    11 | D        | Reached skill level 1 in Armour
    11 | D        | Reached XP level 14. HP: 53/121 MP: 14/14
    11 | D        | Killed a meat berserker
    11 | D        | Gained mutation: You have a pair of small horns on your head. [demonic ancestry]
    11 | D        | Reached XP level 15. HP: 129/131 MP: 15/15
    12 | D        | Killed a meat berserker
    12 | D        | Reached ** piety under Makhleb
    12 | D        | Reached XP level 16. HP: 143/143 MP: 16/16
    13 | D        | Noticed a meat berserker
    14 | D        | Reached skill level 15 in Throwing
    14 | D        | Reached skill level 5 in Armour
    16 | D        | Reached *** piety under Makhleb
    16 | D        | Reached skill level 27 in Axes
    16 | D        | Reached skill level 27 in Dodging
    18 | D        | Killed a meat berserker
    18 | D        | Reached skill level 10 in Armour
    18 | D        | Reached XP level 17. HP: 164/164 MP: 17/17
    22 | D        | Noticed a large bag of meat
    23 | D        | Noticed a meat berserker
    23 | D        | Noticed a meat berserker
    24 | D        | Noticed a destroyer
    25 | D        | Noticed a destroyer
    25 | D        | Killed a destroyer
    25 | D        | Reached XP level 18. HP: 181/181 MP: 18/18
    26 | D        | Noticed a large bag of meat
    27 | D        | Killed a large bag of meat
    27 | D        | Reached **** piety under Makhleb
    27 | D        | Reached skill level 27 in Fighting
    27 | D        | Reached skill level 15 in Armour
    27 | D        | Killed a meat berserker
    27 | D        | Reached skill level 27 in Throwing
    27 | D        | Gained mutation: You are completely covered in icy blue scales. (AC +4, rC+) [demonic ancestry]
    27 | D        | Reached XP level 19. HP: 150/189 MP: 19/19
    27 | D        | Reached ***** piety under Makhleb
    28 | D        | Noticed a large bag of meat
    28 | D        | Killed a meat berserker
    28 | D        | Reached skill level 27 in Armour
    29 | D        | Noticed a meat berserker
    29 | D        | Reached skill level 10 in Stealth
    30 | D        | Noticed a destroyer
    30 | D        | Reached skill level 15 in Invocations
    30 | D        | Gained mutation: Your magical and physical power is slightly enhanced at high health. [demonic ancestry]
    30 | D        | Reached XP level 20. HP: 196/197 MP: 19/35
    31 | D        | Noticed a meat berserker
    31 | D        | Noticed a meat berserker
    31 | D        | Killed a destroyer
    31 | D        | Reached skill level 15 in Unarmed Combat
    31 | D        | Reached skill level 15 in Spellcasting
    32 | D        | Noticed a destroyer
    32 | D        | Reached XP level 21. HP: 204/204 MP: 19/43
    33 | D        | Reached ****** piety under Makhleb
    34 | D        | Killed a destroyer
    34 | D        | Reached skill level 27 in Invocations
    35 | D        | Killed a large bag of meat
    35 | D        | Gained mutation: Your magical and physical power is enhanced at high health. [demonic ancestry]
    35 | D        | Reached XP level 22. HP: 212/212 MP: 20/50
    35 | D        | Reached skill level 27 in Stealth
    36 | D        | Killed a large bag of meat
    36 | D        | Reached skill level 27 in Unarmed Combat
    36 | D        | Reached skill level 27 in Spellcasting
    37 | D        | Killed a destroyer
    37 | D        | Gained mutation: You have a pair of horns on your head. [demonic ancestry]
    37 | D        | Reached XP level 23. HP: 219/219 MP: 20/54
    39 | D        | Noticed a destroyer
    41 | D        | Noticed a destroyer
    41 | D        | Killed a destroyer
    41 | D        | Gained mutation: Your magical and physical power is greatly enhanced at high health. [demonic ancestry]
    41 | D        | Reached XP level 24. HP: 227/227 MP: 21/54
    43 | D        | Noticed a destroyer
    45 | D        | Noticed a destroyer
    45 | D        | Killed a destroyer
    45 | D        | Gained mutation: You have a pair of large horns on your head. [demonic ancestry]
    45 | D        | Reached XP level 25. HP: 234/234 MP: 22/54
    46 | D        | Noticed The Servant
    47 | D        | Noticed a destroyer
    47 | D        | Noticed a destroyer
    47 | D        | Killed a destroyer
    47 | D        | Killed a destroyer
    48 | D        | Noticed a tyrant
    49 | D        | Gained mutation: A powerful demonic guardian rushes to your aid. [demonic ancestry]
    49 | D        | Reached XP level 26. HP: 242/242 MP: 23/54
    50 | D        | Noticed a tyrant
    51 | D        | Noticed a destroyer
    51 | D        | Noticed a tyrant
    52 | D        | Noticed a destroyer
    52 | D        | Noticed a tyrant
    53 | D        | Reached XP level 27. HP: 249/249 MP: 24/54
    53 | D        | Killed a tyrant
    54 | D        | Killed a destroyer
    55 | D        | Killed a destroyer
    56 | D        | Killed a destroyer
    57 | D        | Noticed a large bag of meat
    57 | D        | Killed a tyrant
    58 | D        | Killed a tyrant
    58 | D        | Noticed a destroyer
    60 | D        | Noticed a tyrant
    60 | D        | Killed a destroyer
    60 | D        | Killed a tyrant
    62 | D        | Noticed a tyrant
    64 | D        | Noticed a dread
    67 | D        | Noticed a tyrant
    67 | D        | Killed a dread
    68 | D        | Killed a large bag of meat
    68 | D        | Killed a tyrant
    69 | D        | Noticed a dread
    69 | D        | Annihilated by The Servant

Skill      XL: |  1  2  3  4  5  6  7  8  9 10 11 12 13 14 15 16 17 18 19 20 21 22 |
---------------+-------------------------------------------------------------------+-----
Fighting       | 10 13 14 16 18 23 26 27 | 27.0
Axes           | 16 20 21 23 26 27 | 27.0
Throwing       | 9 11 12 13 14 19 22 27 | 27.0
Dodging        | 16 20 21 23 25 27 | 27.0
Armour         | 1 3 4 10 13 22 27 | 27.0
Stealth        | 12 19 26 27 | 27.0
Unarmed Combat | 11 18 24 27 | 27.0
Spellcasting   | 11 18 24 27 | 27.0
Invocations    | 15 24 27 | 27.0

Action                   |  1- 3 |  4- 6 |  7- 9 | 10-12 | 13-15 | 16-18 | 19-21 | 22-24 | 25-27 || total
-------------------------+-------+-------+-------+-------+-------+-------+-------+-------+-------++-------
Melee: Executioner's axe |     1 |       |       |     1 |     2 |     5 |     8 |     9 |    21 ||    47
Dodge: Dodged            |       |       |       |       |       |       |       |     1 |     1 ||     2
